 Dungeon Crawl Stone Soup version 0.17.1-3-g152610e (webtiles) character file.

49329 Peloso the Peltast (level 14, 0/125 HPs)
             Began as a Minotaur Fighter on Apr 30, 2016.
             Was a High Priest of Okawaru.
             Killed by divine providence
             ... invoked by Saint Roka
              (13 damage)
             ... on level 4 of the Orcish Mines.
             The game lasted 01:14:56 (22459 turns).

Peloso the Peltast (Minotaur Fighter)              Turns: 22459, Time: 01:14:56

Health: 0/125      AC: 21    Str: 26    XL:     14   Next: 15%
Magic:  1/7        EV: 21    Int:  8    God:    Okawaru [*****.]
Gold:   1306       SH: 18    Dex: 16    Spells: 0 memorised, 13 levels left

rFire  + + .     SeeInvis +     y - +1 falchion of Might {holy, rC+ MR+ Int+3}
rCold  + . .     Clarity  .     J - +2 scale mail "Mifaisch" {rPois MR+ Str+3 SInv}
rNeg   + . .     SustAt   .     c - +1 shield
rPois  +         Gourm    .     Y - +2 hat {SInv}
rElec  +         Spirit   .     L - +2 cloak {MR+}
rCorr  .         Warding  .     p - +1 pair of gloves "Zaekep" {rF+}
rMut   .         Stasis   .     (no boots)
MR     +++++                    R - amulet of faith
Stlth  ++........               k - ring of Broken Luck {rElec rF+ rN+ MP-9 Dex+3}
                                i - ring of protection from magic

@: heroism, finesse, almost entirely resistant to hostile enchantments,
unstealthy
A: retaliatory headbutt, horns 2
a: Heroism, Finesse, Renounce Religion


You were on level 4 of the Orcish Mines.
You worshipped Okawaru.
Okawaru was extremely pleased with you.
You were not hungry.

You visited 4 branches of the dungeon, and saw 21 of its levels.
You also visited: Ossuary and Volcano.

You collected 2203 gold pieces.
You spent 897 gold pieces at shops.

Inventory:

Hand Weapons
 a - a +1 long sword
 y - the +1 falchion of Might (weapon) {holy, rC+ MR+ Int+3}
   (Okawaru gifted it to you on level 4 of the Orcish Mines)

   It has been blessed by the Shining One to cause great damage to the undead
   and demons.
   It affects your intelligence (+3).
   It protects you from cold.
   It affects your resistance to hostile enchantments.
 T - a +0 hand axe of flaming
Armour
 c - a +1 shield (worn)
 p - the +1 pair of gloves "Zaekep" (worn) {rF+}
   (You found it on level 2 of the Lair of Beasts)

   It protects you from fire.
 z - a +0 cloak of invisibility
 J - the +2 scale mail "Mifaisch" (worn) {rPois MR+ Str+3 SInv}
   (Okawaru gifted it to you on level 2 of the Lair of Beasts)

   It affects your strength (+3).
   It protects you from poison.
   It affects your resistance to hostile enchantments.
   It lets you see invisible.
 L - a +2 cloak of magic resistance (worn)
 Y - a +2 hat of see invisible (worn)
Jewellery
 i - a ring of protection from magic (left hand)
 k - the ring of Broken Luck (right hand) {rElec rF+ rN+ MP-9 Dex+3}
   (You bought it in a shop on level 3 of the Orcish Mines)

   [ring of protection from fire]

   It affects your dexterity (+3).
   It protects you from fire.
   It insulates you from electricity.
   It protects you from negative energy.
   It affects your magic capacity (-9).
 m - an uncursed ring of protection from fire
 q - an uncursed ring of ice
 x - an uncursed ring of protection from magic
 C - an uncursed amulet of resist corrosion
 P - an uncursed ring of wizardry
 Q - an uncursed ring of stealth
 R - an amulet of faith (around neck)
 X - an uncursed ring of positive energy
Wands
 b - a wand of teleportation (6)
 d - a wand of digging (4)
 u - a wand of random effects (16)
 M - a wand of disintegration (9)
 N - a wand of slowing (17)
Scrolls
 f - a scroll of identify
 g - 6 scrolls of teleportation
 h - a scroll of fog
 t - a scroll of recharging
 w - 2 scrolls of amnesia
 F - 3 scrolls of fear
 G - 4 scrolls of magic mapping
 H - 3 scrolls of remove curse
 K - 2 scrolls of enchant armour
 S - a scroll of enchant weapon
Potions
 o - 2 potions of brilliance
 r - 6 potions of curing
 v - 4 potions of agility
 A - 3 potions of heal wounds
 B - 2 potions of berserk rage {unknown}
 E - 3 potions of haste
 I - a potion of cure mutation
 O - a potion of might
 U - a potion of magic {unknown}
 W - 3 potions of flight {unknown}
 Z - 2 potions of resistance
Comestibles
 e - 9 bread rations
 l - 11 meat rations
 n - 15 royal jellies
 s - 11 fruits
 D - a beef jerky
 V - 7 slices of pizza


   Skills:
 + Level 11.8(16.8) Fighting
 + Level 14.3(19.3) Long Blades
 + Level 12.1(17.1) Armour
 + Level 10.3(15.3) Dodging
 + Level 1.5(6.5) Stealth
 + Level 15.6(20.6) Shields
 + Level 4.1 Invocations
 + Level 0.6 Evocations


You had 13 spell levels left.
You didn't know any spells.

Dungeon Overview and Level Annotations

Branches:
Dungeon (12/15)            Temple (1/1) D:5            Lair (4/8) D:10
  Swamp (0/4) Lair:3          Orc (4/4) D:10            Elf (0/3) Orc:4
  Snake: Lair:3-6    Spider: Lair:3-6

Altars:
Ashenzari
Cheibriados
Dithmenos
Fedhas
Gozag
Makhleb
Nemelex Xobeh
Okawaru
Ru
Sif Muna
Vehumet
Zin
The Shining One

Shops:
D:9 *   D:10 ?   D:12 =   Orc:3 =

Annotations:
Orc:4 Saint Roka


Innate Abilities, Weirdness & Mutations

You reflexively headbutt those who attack you in melee.
You have a pair of horns on your head.


Message History

Saint Roka is lightly wounded.
You barely miss Saint Roka. Your headbutt misses Saint Roka.
Saint Roka is lightly wounded.
You slash Saint Roka!
Saint Roka is lightly wounded.
Saint Roka hits you with a war axe!!
* * * LOW HITPOINT WARNING * * *
Drink which item? (? for menu, Esc to quit)
Okay, then.
You see here a flail.
Saint Roka mumbles some strange prayers to Beogh against you.
Something smites you!
* * * LOW HITPOINT WARNING * * *
Saint Roka calls down the wrath of Beogh upon you.
Something smites you!
* * * LOW HITPOINT WARNING * * *
You see here a dagger.
Saint Roka invokes the aid of Beogh against you.
Something smites you!
You die...

#............# ##...#
##.......((..#######...###
#.........(...#..#)[).)##.
####................)##......
#.#......###......T.)###.....
#.#.....## ###().o../####.#..
##.......## ####.......#####.
#.........####.).......## ##
###......)<.#@.......###
##.....))..........#
#.##..............#
###....).........##
#...........####
##.........## ##.........#
###<........##
##............#


You could see Saint Roka.

Vanquished Creatures
  Rupert (Lair:3)
  Gastronok (Lair:1)
  Maud (Orc:4)
  A fire dragon (Volcano)
  Josephine (D:10)
  Fannar (Lair:2)
  A catoblepas (Lair:4)
  Sonja (Lair:2)
  Nergalle (D:10)
  A swamp dragon (Lair:3)
  2 unseen horrors (D:10)
  3 hill giants
  A lindwurm (Lair:3)
  An orc knight (Orc:4)
  3 ugly things
  2 orc sorcerers
  2 cyclopes
  13 elephants
  Maurice (Orc:4)
  4 black mambas
  Psyche (D:8)
  2 komodo dragons
  2 molten gargoyles (Volcano)
  7 spiny frogs
  2 kobold demonologists (D:10)
  26 blink frogs
  A queen bee (Orc:1)
  Prince Ribbit (D:7)
  2 trolls
  A trapdoor spider (D:10)
  3 redbacks (Orc:1)
  A deep elf mage (D:11)
  A spriggan (D:9)
  5 wraiths (D:10)
  11 yaks
  A shadow (D:11)
  7 hippogriffs
  The ghost of Arkorax the Insei, an amateur OpMo of Okawaru (D:4)
  6 fire bats (Volcano)
  4 water moccasins
  3 wolves (Lair:3)
  2 mottled dragons
  3 wargs (Orc:3)
  2 ice beasts
  18 orc warriors
  A phantom (D:8)
  4 black bears
  7 ogres
  A spider (Orc:1)
  A sky beast (D:11)
  The ghost of blacktom the Charmwright, an amateur DrSk of Qazlal (D:3)
  7 porcupines
  5 centaurs
  4 crocodiles
  3 big kobolds
  15 giant frogs
  2 scorpions
  23 killer bees
  7 wights (D:10)
  2 electric eels (Lair:1)
  8 hounds
  4 crimson imps
  A wasp zombie (D:9)
  2 centaur zombies
  5 centaur skeletons
  6 jellies
  Crazy Yiuf (D:6)
  8 iguanas
  22 orc priests
  3 giant frog zombies
  12 worker ants
  A giant frog skeleton (D:9)
  22 orc wizards
  5 hell rats (Lair:4)
  8 sheep
  2 killer bee zombies
  2 hound skeletons
  8 mummies (Ossuary)
  A worker ant zombie (D:9)
  51 river rats
  13 adders
  4 gnolls
  3 shadow imps
  3 oozes
  3 adder skeletons
  An adder zombie (D:7)
  2 worms
  9 giant geckos
  154 orcs
  3 giant cockroaches
  14 hobgoblins
  13 jackals
  9 quokkas
  2 ball pythons
  10 bats
  14 giant newts
  10 goblins
  2 hobgoblin zombies (Ossuary)
  A jackal skeleton (D:4)
  10 kobolds
  3 kobold zombies (Ossuary)
  3 orc zombies (Ossuary)
  7 rats
  3 plants
706 creatures vanquished.

Vanquished Creatures (others)
  A mottled dragon (Volcano)
  An adder (D:3)
  2 orcs (Orc:3)
  8 fungi
  16 plants
28 creatures vanquished.

Grand Total: 734 creatures vanquished

Notes
Turn   | Place    | Note
--------------------------------------------------------------
     0 | D:1      | Peloso the Minotaur Fighter began the quest for the Orb.
     0 | D:1      | Reached XP level 1. HP: 19/19 MP: 0/0
   132 | D:1      | Reached XP level 2. HP: 17/27 MP: 1/1
   307 | D:1      | Reached skill level 4 in Shields
   412 | D:1      | Reached XP level 3. HP: 26/33 MP: 2/2
   920 | D:2      | Found a faded altar to an unknown god.
  1109 | D:2      | Reached XP level 4. HP: 30/40 MP: 3/3
  1132 | D:2      | Reached skill level 1 in Dodging
  1218 | D:2      | Found an opulent altar of Gozag.
  1650 | D:3      | Found a radiant altar of Vehumet.
  1780 | D:3      | Found a glowing golden altar of the Shining One.
  1797 | D:3      | Noticed blacktom's ghost (amateur DrSk)
  1813 | D:3      | Killed blacktom's ghost
  1813 | D:3      | Reached skill level 5 in Shields
  1813 | D:3      | Reached XP level 5. HP: 21/47 MP: 4/4
  2645 | D:4      | Reached XP level 6. HP: 42/53 MP: 5/5
  2886 | D:4      | Noticed Arkorax's ghost (amateur OpMo)
  3227 | D:4      | Reached skill level 5 in Armour
  3343 | D:4      | Killed Arkorax's ghost
  3343 | D:4      | Reached skill level 5 in Fighting
  3343 | D:4      | Reached skill level 6 in Shields
  3343 | D:4      | Reached XP level 7. HP: 33/61 MP: 6/6
  3556 | D:4      | Found a sacrificial altar of Ru.
  3567 | D:4      | Found a deep blue altar of Sif Muna.
  3904 | D:5      | Entered Level 5 of the Dungeon
  3919 | D:5      | Found a staircase to the Ecumenical Temple.
  3938 | Temple   | Entered the Ecumenical Temple
  3947 | Temple   | Became a worshipper of Warmaster Okawaru
  4110 | D:5      | Found a blossoming altar of Fedhas.
  4244 | D:5      | Found a glowing silver altar of Zin.
  4356 | D:5      | Found a sand-covered staircase.
  4369 | Ossuary  | Entered an ossuary
  4462 | Ossuary  | Reached XP level 8. HP: 29/70 MP: 7/7
  4464 | Ossuary  | Reached skill level 7 in Shields
  5038 | D:6      | Found a snail-covered altar of Cheibriados.
  5072 | D:6      | Noticed Crazy Yiuf
  5084 | D:6      | Reached skill level 5 in Long Blades
  5106 | D:6      | Reached * piety under Okawaru
  5569 | D:6      | Reached skill level 5 in Dodging
  5761 | D:6      | Killed Crazy Yiuf
  5875 | D:7      | Reached ** piety under Okawaru
  5895 | D:7      | Noticed Prince Ribbit
  5915 | D:7      | Reached XP level 9. HP: 67/78 MP: 5/8
  5920 | D:7      | You fall through a shaft for 2 floors!
  5968 | D:9      | Reached skill level 8 in Shields
  6415 | D:7      | Killed Prince Ribbit
  6740 | D:8      | Noticed Psyche
  6762 | D:8      | Killed Psyche
  6762 | D:8      | Reached *** piety under Okawaru
  6830 | D:8      | Reached skill level 1 in Invocations
  6833 | D:8      | Reached skill level 9 in Shields
  7460 | D:9      | Reached **** piety under Okawaru
  7460 | D:9      | Reached XP level 10. HP: 85/88 MP: 9/9
  7638 | D:9      | Found Kodd's General Store.
  7646 | D:9      | Bought a scroll of magic mapping for 49 gold pieces
  7774 | D:10     | Entered Level 10 of the Dungeon
  7992 | D:10     | Found a staircase to the Lair.
  7998 | D:10     | Noticed a hill giant
  8013 | D:10     | Killed a hill giant
  8027 | D:10     | Noticed a hill giant
  8208 | D:10     | Killed a hill giant
  8208 | D:10     | Reached skill level 10 in Shields
  8254 | D:10     | Noticed Nergalle
  8263 | D:10     | Noticed a spectral orc warlord
  8280 | D:10     | Killed Nergalle
  8494 | D:10     | Found a staircase to the Orcish Mines.
  8553 | D:10     | Reached ***** piety under Okawaru
  8611 | D:10     | Killed an unseen horror
  8611 | D:10     | Reached skill level 10 in Long Blades
  8884 | D:10     | Noticed Josephine
  8908 | D:10     | Killed Josephine
  8908 | D:10     | Received a gift from Okawaru
  8908 | D:10     | Reached skill level 1 in Stealth
  8908 | D:10     | Reached XP level 11. HP: 91/97 MP: 11/11
  9084 | D:10     | Found Nofah's Magic Scroll Boutique.
  9092 | D:10     | Bought a scroll of fog for 28 gold pieces
  9092 | D:10     | Bought a scroll of identify for 28 gold pieces
  9377 | D:10     | Killed an unseen horror
  9377 | D:10     | Received a gift from Okawaru
  9880 | D:10     | Reached skill level 11 in Shields
  9891 | D:10     | Reached skill level 10 in Armour
 10347 | D:11     | Noticed a hill giant
 10358 | D:11     | Killed a hill giant
 10378 | D:11     | Found a shattered altar of Ashenzari.
 11155 | D:12     | Found Jehia's Jewellery Boutique.
 11263 | Lair:1   | Entered Level 1 of the Lair of Beasts
 11330 | Lair:1   | Reached skill level 10 in Fighting
 11953 | Lair:1   | Reached skill level 12 in Shields
 11975 | Lair:1   | Reached XP level 12. HP: 76/106 MP: 13/13
 12451 | Lair:1   | Noticed Gastronok
 12483 | Lair:1   | Killed Gastronok
 13036 | Lair:1   | Received a gift from Okawaru
 13046 | Lair:2   | Noticed Sonja
 13071 | Lair:2   | Got a pair of distressingly furry gloves
 13077 | Lair:2   | Identified the +1 pair of gloves "Zaekep" {rF+} (You found it on level 2 of the Lair of Beasts)
 13721 | Lair:2   | Killed Sonja
 13736 | Lair:2   | Reached skill level 13 in Shields
 13964 | Lair:2   | Noticed Fannar
 13987 | Lair:2   | Killed Fannar
 13987 | Lair:2   | Received a gift from Okawaru
 14000 | Lair:2   | Got a faintly humming scale mail {god gift}
 14011 | Lair:2   | Identified the +2 scale mail "Mifaisch" {rPois MR+ Str+3 SInv} (Okawaru gifted it to you on level 2 of the Lair of Beasts)
 14959 | Lair:3   | Noticed Rupert
 14989 | Lair:3   | Killed Rupert
 15057 | Lair:3   | Found a dark tunnel.
 15066 | Volcano  | Entered a volcano
 15302 | Volcano  | Found a radiant altar of Vehumet.
 15302 | Volcano  | Noticed a fire dragon
 15309 | Volcano  | Reached XP level 13. HP: 102/115 MP: 11/14
 15334 | Volcano  | Killed a fire dragon
 15865 | Lair:3   | Reached skill level 14 in Shields
 15976 | Lair:3   | Found a staircase to the Swamp.
 18878 | Orc:1    | Entered Level 1 of the Orcish Mines
 18894 | D:10     | Reached skill level 10 in Dodging
 19112 | Orc:1    | Found a radiant altar of Vehumet.
 19626 | Orc:1    | Reached skill level 15 in Shields
 20096 | Orc:2    | Reached ****** piety under Okawaru
 20442 | Orc:3    | Found Kymikexu's Jewellery Shop.
 20451 | Orc:3    | Bought the ring of Broken Luck {rElec rF+ rN+ MP-9 Dex+3} for 792 gold pieces
 20693 | Orc:3    | Received a gift from Okawaru
 20768 | Orc:3    | Reached XP level 14. HP: 42/125 MP: 7/16
 21498 | Orc:4    | Entered Level 4 of the Orcish Mines
 21508 | Orc:4    | Noticed Maurice
 21527 | Orc:4    | Killed Maurice
 21700 | Orc:4    | Found a staircase to the Elven Halls.
 21855 | Orc:4    | Noticed Maud
 21928 | Orc:4    | Killed Maud
 21978 | Orc:4    | Received a gift from Okawaru
 21992 | Orc:4    | Got a warped falchion {god gift}
 21993 | Orc:4    | Identified the +1 falchion of Might {holy, rC+ MR+ Int+3} (Okawaru gifted it to you on level 4 of the Orcish Mines)
 22003 | Orc:4    | Noticed Saint Roka
 22459 | Orc:4    | Killed from afar by Saint Roka

Action                   |  1- 3 |  4- 6 |  7- 9 | 10-12 | 13-15 || total
-------------------------+-------+-------+-------+-------+-------++-------
Melee: Long sword        |   100 |   201 |   456 |   977 |  1015 ||  2749
       Falchion          |       |       |       |       |    56 ||    56
Invok: Heroism           |       |       |     3 |    17 |    10 ||    30
       Finesse           |       |       |       |     2 |     2 ||     4
Evoke: Wand              |       |     1 |       |     9 |     2 ||    12
  Use: Potion            |       |     1 |     1 |     1 |       ||     3
       Scroll            |       |     6 |     8 |    13 |     3 ||    30
  Eat: Chunk             |       |     7 |    15 |    21 |    24 ||    67
       Beef jerky        |       |       |       |     2 |       ||     2
       Fruit             |       |       |       |     4 |       ||     4
       Pizza             |       |       |       |       |     1 ||     1
